AoeStats
← TheRemover

Arabia

510553002Analyzed
1v1 RM · 15h ago on Oct 1, 2026· 39m 19s· 2 players
Game mode
Random Map
Map size
Tiny (2 player)
Population
200
Speed
Normal
Resources
Standard
Victory
Conquest
Starting age
Dark Age
Ending age
Imperial Age
RankedLock teamsTeams togetherTeam positionsShared explorationLock speedFull tech treeHidden civsTurbo modeCheats
Victory
Defeat
🇮🇳 Shu · India
1145
+15
🇨🇱 Mongols · Chile
1117
-15
TheRemover
7:03 Loom
9:09 Feudal Age
9:51 Double-Bit Axe
20:42 Castle Age
20:29 Padded Archer Armor
21:15 Fletching
21:33 Thumb Ring
22:38 Bloodlines
22:52 Gold Mining
23:09 Husbandry
25:48 Wheelbarrow
26:11 Leather Archer Armor
27:29 Bodkin Arrow
29:31 Ballistics
30:30 Light Cavalry
31:17 Scale Barding Armor
33:48 Chain Barding Armor
theKillZapper
6:03 Loom
9:16 Feudal Age
9:42 Man-at-Arms
10:11 Double-Bit Axe
18:15 Wheelbarrow
21:50 Castle Age
21:00 Gold Mining
22:15 Crossbowman
23:34 Bow Saw
23:18 Fletching
23:28 Padded Archer Armor
24:39 Bodkin Arrow
25:00 Leather Archer Armor
24:21 Elite Skirmisher
25:50 Stone Mining
28:13 Thumb Ring
35:04 Ballistics
Connection lost

Rejoining the realm…

Still unreachable

The connection could not be restored.

Session expired

The server has moved on; the page needs a fresh start.